 Dungeon Crawl Stone Soup version 0.28.0-45-g0d030f2227 (webtiles) character file.

Game seed: 12395358730419369968

29 pkoi the Insei (level 2, -3/24 HPs)
             Began as a Demigod Gladiator on Apr 18, 2022.
             Slain by a gnoll
             ... wielding a +0 spear
              (5 damage)
             ... on level 2 of the Dungeon.
             The game lasted 00:02:21 (2010 turns).

pkoi the Insei (Demigod Gladiator)                  Turns: 2010, Time: 00:02:21

Health: -3/24      AC:  7    Str: 15    XL:     2   Next: 81%
Magic:  13/13      EV: 11    Int: 10    God:
Gold:   52         SH:  0    Dex: 15    Spells: 1/1 levels left

rFire   . . .      SeeInvis .   b - +0 hunting sling
rCold   . . .      Faith    .   (no shield)
rNeg    . . .      Spirit   .   i - +0 ring mail
rPois   .          Reflect  .   e - +0 helmet
rElec   .          Harm     .   (no cloak)
rCorr   .          Rampage  .   (no gloves)
Will    .....                   j - +0 pair of boots
Stlth   +.........              (no amulet)
HPRegen 0.08/turn               f - ring of magical power
MPRegen 0.13/turn               (no ring)

@: no status effects
A: high MP 1, forlorn, divine attributes
a: no special abilities


You were on level 2 of the Dungeon.
You visited 1 branch of the dungeon, and saw 2 of its levels.

You collected 52 gold pieces.

Inventory:

Hand Weapons
 b - a +0 hunting sling (weapon)
Missiles
 c - 3 throwing nets
 g - 19 stones (quivered ammo)
 h - 2 poisoned darts
Armour
 a - a +0 leather armour
 e - a +0 helmet (worn)
 i - a +0 ring mail (worn)
 j - a +0 pair of boots (worn)
Jewellery
 f - a ring of magical power (left hand)


   Skills:
 + Level 1.9 Fighting
 - Level 1.7 Throwing
 - Level 2.6 Dodging
 * Level 3.7 Unarmed Combat


You had one spell level left.
You didn't know any spells.
Your spell library was empty.

Dungeon Overview and Level Annotations

Branches:
Dungeon (2/15)

Annotations:
D:1 Terence


Innate Abilities, Weirdness & Mutations

You have an increased reservoir of magic. (+10% MP)
You shall have no god before yourself.
Your divine heritage dramatically boosts your attributes as you level up.


Message History

* * * LOW HITPOINT WARNING * * *
You hit the gnoll but do no damage.
The gnoll is moderately wounded.
The gnoll hits you with a +0 spear.
* * * LOW HITPOINT WARNING * * *
The gnoll misses you.
You hit the gnoll.
The gnoll is heavily wounded.
The gnoll closely misses you.
You barely miss the gnoll.
The gnoll is heavily wounded.
The gnoll hits you from afar with a +0 spear!
* * * LOW HITPOINT WARNING * * *
The gnoll misses you.
You see here a +0 leather armour.
The gnoll hits you but does no damage.
You aren't carrying any scrolls.
You aren't carrying any potions.
Unknown command.
b - a +0 hunting sling (weapon)
Fire: 22 stones
Press: ? - help, Q - select action, (/) - cycle Shift-Dir - straight line, f - gnoll
Aim: a gnoll, wielding a +0 spear (heavily wounded, 61% to hit)
You shoot a stone. The stone hits the gnoll.
The gnoll is severely wounded.
The gnoll hits you from afar with a +0 spear.
* * * LOW HITPOINT WARNING * * *
Fire: 21 stones
Press: ? - help, Q - select action, (/) - cycle Shift-Dir - straight line, f/p - gnoll
Aim: a gnoll, wielding a +0 spear (severely wounded, 61% to hit)
You shoot a stone. The stone barely misses the gnoll.
The stone hits the gnoll but does no damage.
The gnoll hits you but does no damage.
Fire: 20 stones
Press: ? - help, Q - select action, (/) - cycle Shift-Dir - straight line, f/p - gnoll
Aim: a gnoll, wielding a +0 spear (severely wounded, 61% to hit)
You shoot a stone. The stone hits the gnoll.
The gnoll is almost dead.
The gnoll hits you from afar with a +0 spear.
You die... g

#.........gg......#.#
.$..#...(..(..####g.....#
..$...........# #g##.###
........####### #.##.#
.....#$.. #g##.# ..##
#.... #.##.# . ......
#.##.# #....... ####g##.#
......... #@.gg##.# ####
##.##_##.#########.# ....
#.# .### #.# #.# ######.#
#......# ### #.###.## ...
#.# #..# ###


You could see 3 gnolls.

Vanquished Creatures
  A dart slug (D:2)
  An endoplasm (D:2)
  4 goblins
  5 hobgoblins
  A quokka (D:1)
  3 ball pythons
  2 bats (D:1)
  3 frilled lizards
  3 kobolds
  2 rats
25 creatures vanquished.

Notes
Turn   | Place    | Note
-------+----------+-------------------------------------------
     0 | D:1      | pkoi the Demigod Gladiator began the quest for the Orb.
     0 | D:1      | Reached XP level 1. HP: 17/17 MP: 3/3
   394 | D:1      | Reached skill level 3 in Unarmed Combat
   797 | D:1      | Reached XP level 2. HP: 24/24 MP: 4/4
  1697 | D:2      | Noticed Terence
  2010 | D:2      | Slain by a gnoll

Illustrated notes

Levels and vault maps discovered:
D:1:      minmay_arrival_up_and_down, layout_basic
D:2:      layout_loops_ring, shapermc_ecumenical_altar_mp_highgroup,
          uniq_sigmund, uniq_terence

Skill      XL: |  1 |
---------------+----+-----
Unarmed Combat | 3 |  3.7
Fighting       | |  1.9
Throwing       | |  1.7
Dodging        | |  2.6

Action                   || total
-------------------------++-------
Melee: Unarmed           ||    21
       Punch             ||     1
 Fire: Hunting sling     ||    72
  Use: Scroll            ||     1
Armor: Leather armour    ||     5
       Ring mail         ||     5
Dodge: Dodged            ||    31
